 Dungeon Crawl Stone Soup version 0.26.1-11-gd32895ea62 (webtiles) character file.

Game seed: 9132059254056031885

12618 manyhoops the Transmogrifier (level 11, -3/100 HPs)
             Began as a Palentonga Transmuter on Apr 9, 2021.
             Was a Priest of Uskayaw.
             Slain by a black mamba (10 damage)
             ... on level 1 of the Lair of Beasts on Apr 14, 2021.
             The game lasted 00:22:20 (14412 turns).

manyhoops the Transmogrifier (PaTm)                Turns: 14412, Time: 00:22:20

Health: -3/100     AC: 16    Str: 16    XL:     11   Next: 64%
Magic:  13/16      EV: 11    Int: 15    God:    Uskayaw [***...]
Gold:   773        SH:  0    Dex:  6    Spells: 2/17 levels left

rFire    + . .     SeeInvis +     - Unarmed
rCold    + + +     Faith    .   (shield currently unavailable)
rNeg     . . .     Spirit   .   H - +2 robe of the Pure Spines {rC+++ Will- SInv Stlth-}
rPois    .         Reflect  .   O - +0 helmet
rElec    +         Harm     .   J - +1 cloak
rCorr    +         Rampage  .   (gloves currently unavailable)
Will     .....                  (no barding)
Stlth    ..........             (no amulet)
HPRegen  0.26/turn              E - ring "Sadez" {rElec Will+ rCorr Dex-4}
MPRegen  0.15/turn              M - ring of protection from fire

@: blade hands, curled up
A: large, rugged brown scales 3, see invisible, deformed body, roll 1, armoured
tail, reflexive curl
a: Rolling Charge, End Transformation, Renounce Religion, Stomp, Line Pass


You were on level 1 of the Lair of Beasts.
You worshipped Uskayaw.
Uskayaw was noncommittal.
You had blades for hands.
You visited 3 branches of the dungeon, and saw 13 of its levels.
You also visited: Ossuary.

You collected 773 gold pieces.

Inventory:

Armour
 C - the +2 pair of gloves of Sloth (melded) {Regen+ Str+6}
   (You found it on level 5 of the Dungeon)

   It affects your strength (+6).
   It increases your rate of regeneration.
 D - a +1 ring mail of fire resistance
 H - the +2 robe of the Pure Spines (worn) {rC+++ Will- SInv Stlth-}
   (You found it on level 8 of the Dungeon)

   It renders you almost immune to cold.
   It affects your willpower, your defense against some magical effects.
   It lets you see invisible.
   It makes you less stealthy.
 J - a +1 cloak (worn)
 O - a +0 helmet (worn)
Jewellery
 g - an uncursed ring of protection from cold
 x - an uncursed ring of positive energy
 E - the ring "Sadez" (left scythe-like blade) {rElec Will+ rCorr Dex-4}
   (You found it on level 10 of the Dungeon)

   [ring of resist corrosion]

   It affects your dexterity (-4).
   It insulates you from electricity.
   It affects your willpower, your defense against some magical effects.
   It provides partial protection from all sources of acid and corrosion.
 M - a ring of protection from fire (right scythe-like blade)
Wands
 c - a wand of iceblast (4)
 p - a wand of acid (21)
 q - a wand of flame (15)
 F - a wand of paralysis (9)
 G - a wand of enslavement (8)
 I - a wand of random effects (33)
 K - a wand of disintegration (9)
Scrolls
 b - 5 scrolls of immolation
 d - 3 scrolls of noise
 f - 6 scrolls of amnesia
 h - 3 scrolls of enchant weapon
 j - 4 scrolls of fog
 o - a scroll of magic mapping
 r - a scroll of fear
 u - 2 scrolls of teleportation
 y - 6 scrolls of remove curse
 A - 5 scrolls of enchant armour
 L - 2 scrolls of identify
 N - a scroll of blinking
Potions
 a - a potion of invisibility {unknown}
 e - a potion of attraction {unknown}
 i - 2 potions of flight
 k - 3 potions of haste
 l - 2 potions of curing
 m - a potion of heal wounds {unknown}
 n - 3 potions of cancellation
 s - a potion of mutation {unknown}
 t - 2 potions of might
 v - a potion of lignification
 w - 2 potions of brilliance
 z - a potion of resistance
 B - a potion of magic {unknown}


   Skills:
 * Level 8.1 Fighting
 - Level 2.4 Armour
 + Level 6.7 Dodging
 + Level 8.6 Unarmed Combat
 - Level 3.9 Spellcasting
 - Level 10.1 Transmutations
 - Level 7.0 Invocations


You had 2 spell levels left.
You knew the following spells:

 Your Spells              Type           Power        Failure   Level
a - Beastly Appendage     Tmut           66%          10%         1
b - Wereblood             Tmut           33%          11%         2
c - Spider Form           Tmut/Pois      9%           38%         3
d - Ice Form              Ice/Tmut       18%          65%         4
e - Blade Hands           Tmut           16%          41%         5

Your spell library contained the following spells:

 Spells                   Type           Power        Failure   Level
 Freeze                   Ice            8%           61%         1
 Shock                    Conj/Air       8%           61%         1
 Summon Small Mammal      Summ           8%           61%         1
 Call Imp                 Summ           2%           71%         2
 Swiftness                Air            2%           71%         2
 Petrify                  Tmut/Erth      18%          65%         4
 Call Canine Familiar     Summ           2%           87%         3
 Confusing Touch          Hex            2%           87%         3
 Frozen Ramparts          Ice            4%           87%         3
 Gell's Gravitas          Tloc           1%           87%         3
 Ozocubu's Armour         Ice            2%           87%         3
 Static Discharge         Conj/Air       2%           87%         3
 Summon Guardian Golem    Hex/Summ       2%           87%         3
 Yara's Violent Unravell  Hex/Tmut       9%           89%         5
 Airstrike                Air            1%           99%         4
 Hailstorm                Conj/Ice       2%           99%         4
 Summon Ice Beast         Ice/Summ       2%           99%         4
 Summon Lightning Spire   Summ/Air       2%           99%         4
 Lightning Bolt           Conj/Air       1%           100%        5
 Metabolic Englaciation   Hex/Ice        1%           100%        5


Dungeon Overview and Level Annotations

Branches:
Dungeon (11/15)            Temple (1/1) D:5            Lair (1/6) D:9
    Orc (0/2) D:10        Ossuary (visited)

Altars:
Ashenzari
Cheibriados
Dithmenos
Elyvilon
Fedhas
Gozag
Hepliaklqana
Kikubaaqudgha
Makhleb
Okawaru
Qazlal
Ru
Sif Muna
Trog
Uskayaw
Vehumet
Wu Jian
Xom
Yredelemnul
Zin
The Shining One


Innate Abilities, Weirdness & Mutations

You are completely covered in rugged brown scales. (AC +3, +7% HP)
You have supernaturally acute eyesight. (SInv)
Armour fits poorly on your strangely shaped body.
You can roll at nearby foes to attack.
You have a long armoured tail.
You curl defensively after being hit.


Message History

* * * LOW HITPOINT WARNING * * *
You are lethally poisoned!
The black mamba poisons you!
You hit the black mamba but do no damage.
Your slash misses the black mamba.
The black mamba is moderately wounded.
* * * LOW HITPOINT WARNING * * *
You feel sick. The black mamba misses you. The black mamba barely misses you.
You slash the black mamba!
You tail-slap the black mamba, but do no damage.
The black mamba is severely wounded.
* * * LOW HITPOINT WARNING * * *
You feel sick. The black mamba barely misses you.
You feel better. The black mamba bites you!
* * * LOW HITPOINT WARNING * * *
The black mamba bites you but does no damage.
You barely miss the black mamba.
Your tail-slap misses the black mamba.
The black mamba is severely wounded.
The black mamba bites you!
You die...

## ####.#
##...##
###.##..##
#..####..##
#..## ##..#
#### ##..#
##@##
#...###
##.# #S##
....... #†#
#S..#
.......
#.####.##
.##### ##.#
.. ## #.#
.## ## #.##
.. .## ##.#
#. ..##
##.# $.


You could see a black mamba and an adder.

Vanquished Creatures
  Fannar (Lair:1)
  Nergalle (D:10)
  Pikel (D:5)
  A deep elf mage (D:10)
  A manticore (D:9)
  2 black mambas (Lair:1)
  A freezing wraith (D:10)
  3 hornets
  Grinder (D:3)
  14 yaks
  2 swamp worms (D:10)
  4 water moccasins
  6 sky beasts
  4 orc warriors
  2 phantoms
  A black bear (D:9)
  4 ice beasts
  A hornet zombie (D:10)
  A necrophage (D:10)
  3 ogres
  2 centaurs
  A lemure (D:5)
  9 bullfrogs
  A gnoll sergeant (D:9)
  4 scorpions
  A water moccasin skeleton (D:4)
  12 killer bees
  12 wights
  A howler monkey (D:4)
  5 jellies
  3 lava snakes (D:8)
  A quasit (D:5)
  2 centaur zombies
  5 orc priests
  5 hounds
  A centaur skeleton (D:5)
  A human zombie (Ossuary)
  2 orc wizards
  Crazy Yiuf (D:3)
  5 iguanas
  5 worker ants
  2 big kobold zombies (Ossuary)
  A hound skeleton (D:8)
  4 mummies
  A worker ant zombie (D:5)
  8 gnolls (D:9)
  18 adders
  3 shadow imps
  3 white imps
  An ufetubus (D:6)
  12 oozes
  An adder zombie (D:6)
  2 adder skeletons
  2 worms
  A dart slug (D:2)
  9 leopard geckos
  25 orcs
  3 ball pythons
  5 giant cockroaches
  6 goblins
  6 hobgoblins
  28 jackals
  7 quokkas
  10 bats
  7 frilled lizards
  A hobgoblin zombie (Ossuary)
  A jackal zombie (D:5)
  14 kobolds
  2 kobold zombies (Ossuary)
  An orc zombie (Ossuary)
  14 rats
331 creatures vanquished.

Vanquished Creatures (others)
  3 fungi (D:2)
  3 plants (D:10)
  6 toadstools (D:2)
12 creatures vanquished.

Grand Total: 343 creatures vanquished

Notes
Turn   | Place    | Note
-------+----------+-------------------------------------------
     0 | D:1      | manyhoops the Palentonga Transmuter began the quest for the
                  | Orb.
     0 | D:1      | Reached XP level 1. HP: 17/17 MP: 3/3
   300 | D:1      | Reached XP level 2. HP: 24/24 MP: 3/5
   592 | D:1      | Learned a level 2 spell: Wereblood
   874 | D:1      | Reached XP level 3. HP: 31/31 MP: 4/6
  1666 | D:2      | Found a faded altar of an unknown god.
  1681 | D:2      | Reached XP level 4. HP: 35/38 MP: 5/7
  1812 | D:2      | Reached skill level 5 in Unarmed Combat
  1819 | D:2      | Reached XP level 5. HP: 28/44 MP: 5/8
  2670 | D:3      | Found a runed translucent door.
  2671 | D:3      | Noticed Crazy Yiuf
  3078 | D:3      | Reached XP level 6. HP: 48/54 MP: 6/9
  3290 | D:3      | Noticed Grinder
  3293 | D:3      | Paralysed by Grinder for 7 turns
  3305 | D:3      | Paralysed by Grinder for 3 turns
  3312 | D:3      | Paralysed by Grinder for 6 turns
  3322 | D:3      | Killed Grinder
  3757 | D:3      | Gained mutation: You curl defensively after being hit.
                  | [Palentonga growth]
  3757 | D:3      | Reached XP level 7. HP: 54/60 MP: 10/10
  4124 | D:3      | Killed Crazy Yiuf
  4279 | D:4      | Found a sand-covered staircase.
  4286 | Ossuary  | Entered an ossuary
  4967 | D:4      | Reached skill level 5 in Fighting
  5084 | D:4      | Found a shimmering altar of Xom.
  5762 | D:4      | Reached XP level 8. HP: 32/75 MP: 9/11
  6511 | D:5      | Entered Level 5 of the Dungeon
  6859 | D:5      | Got a pair of distressingly furry gloves
  6883 | D:5      | Identified the +2 pair of gloves of Sloth {Regen+ Str+6}
                  | (You found it on level 5 of the Dungeon)
  7174 | D:5      | Found a staircase to the Ecumenical Temple.
  7220 | Temple   | Entered the Ecumenical Temple
  7238 | Temple   | Became a worshipper of Uskayaw the Reveller
  7257 | D:5      | Reached * piety under Uskayaw
  7304 | D:5      | Reached ** piety under Uskayaw
  7334 | D:5      | Reached *** piety under Uskayaw
  7337 | D:5      | Reached **** piety under Uskayaw
  7481 | D:5      | Found a snail-covered altar of Cheibriados.
  7636 | D:5      | Reached XP level 9. HP: 81/84 MP: 12/12
  7653 | D:5      | Noticed Pikel
  7669 | D:5      | Killed Pikel
  8378 | D:6      | Upgraded the game from 0.26.1-10-gdfb7c7de75 to
                  | 0.26.1-11-gd32895ea62
  8412 | D:7      | Learned a level 3 spell: Spider Form
  8433 | D:7      | Reached skill level 5 in Dodging
  8480 | D:7      | Paralysed by a hornet for 2 turns
  8489 | D:7      | Reached skill level 1 in Armour
  8494 | D:7      | Reached ***** piety under Uskayaw
  9042 | D:7      | Reached skill level 3 in Transmutations
  9334 | D:7      | Reached skill level 4 in Transmutations
  9453 | D:8      | Reached XP level 10. HP: 47/92 MP: 12/15
  9733 | D:8      | Reached skill level 5 in Transmutations
  9823 | D:8      | Found a shimmering blue altar of Sif Muna.
 10139 | D:8      | Got an ominously black robe
 10152 | D:8      | Identified the +2 robe of the Pure Spines {rC+++ Will- SInv
                  | Stlth-} (You found it on level 8 of the Dungeon)
 10228 | D:8      | Reached skill level 6 in Transmutations
 10724 | D:9      | Noticed a seven-headed hydra
 10977 | D:9      | Found a glowing golden altar of the Shining One.
 10977 | D:9      | Found a white marble altar of Elyvilon.
 10977 | D:9      | Found a glowing silver altar of Zin.
 11017 | D:9      | Noticed a manticore
 11022 | D:9      | Reached skill level 7 in Transmutations
 11024 | D:9      | Killed a manticore
 11025 | D:9      | Reached skill level 8 in Transmutations
 11229 | D:9      | Reached skill level 9 in Transmutations
 11389 | D:9      | Learned a level 4 spell: Ice Form
 11529 | D:9      | Found a shadowy altar of Dithmenos.
 11566 | D:9      | Found a staircase to the Lair.
 11649 | D:10     | Entered Level 10 of the Dungeon
 11727 | D:10     | Noticed a deep elf mage
 11738 | D:10     | Killed a deep elf mage
 11919 | D:10     | Noticed Nergalle
 11923 | D:10     | Reached XP level 11. HP: 80/98 MP: 13/16
 11939 | D:10     | Reached ****** piety under Uskayaw
 11940 | D:10     | Killed Nergalle
 11998 | D:10     | Found a staircase to the Orcish Mines.
 12073 | D:10     | Reached skill level 10 in Transmutations
 12389 | D:10     | Learned a level 5 spell: Blade Hands
 13086 | D:10     | Got a pitted iron ring
 13119 | D:10     | Identified the ring "Sadez" {rElec Will+ rCorr Dex-4} (You
                  | found it on level 10 of the Dungeon)
 13423 | Lair:1   | Entered Level 1 of the Lair of Beasts
 13429 | Lair:1   | Noticed Fannar
 13445 | Lair:1   | Killed Fannar
 14412 | Lair:1   | Slain by a black mamba

Illustrated notes

Levels and vault maps discovered:
D:1:      eino_arrival_water_star, layout_basic
D:2:      cheibrodos_fertilizer, layout_loops_corners,
          chequers_ecumenical_altar_simple_redux
D:3:      layout_loops_corners, minmay_pentomino_pile, uniq_grinder,
          uniq_crazy_yiuf_cottage
D:4:      minmay_diamond_boxcup, layout_rooms, nicolae_overflow_crystal_walls,
          nicolae_ossuary_entry_false_entrances, kennysheep_generic_room_16
D:5:      cheibrodos_fzero, layout_loops_cross, minmay_temple_entry_crystal_x,
          serial_park_tiny_1, chei_slow_surprise, uniq_pikel
D:6:      layout_basic
D:7:      layout_gridville
D:8:      layout_basic, kennysheep_mini_moat, chequers_decorated_corner,
          kennysheep_boxes
D:9:      layout_rooms, good_gods_mini_temple, nicolae_dithmenos_the_darkroom,
          lair_entry_dummy
D:10:     kennysheep_blocky_hall, layout_cave_pools, serial_column_ruins,
          column_ruins_open_tiny, column_ruins_corridor_T,
          column_ruins_columns_straight, column_ruins_open_medium,
          column_ruins_grid_2, column_ruins_open_small,
          column_ruins_columns_straight, worms_lemuel, uniq_nergalle
D:11:     layout_long_grid, kennysheep_path_1, hangedman_weighted_door,
          minivault_8
Temple:   lightli_temple_of_artemis
Lair:1:   minmay_guarded_unrand_snakebite, layout_loops_ring, uniq_fannar

Skill      XL: |  1  2  3  4  5  6  7  8  9 10 11 |
---------------+----------------------------------+-----
Unarmed Combat | 4 5 6 7 8 |  8.6
Fighting       | 2 3 6 7 8 |  8.1
Dodging        | 4 5 6 |  6.7
Invocations    | 3 7 |  7.0
Armour         | 2 |  2.4
Transmutations | 4 9 10 | 10.1
Spellcasting   | 3 |  3.9

Action                   |  1- 3 |  4- 6 |  7- 9 | 10-12 || total
-------------------------+-------+-------+-------+-------++-------
Melee: Unarmed           |   111 |   174 |   422 |   442 ||  1149
       Kick              |    19 |    28 |    53 |    25 ||   125
       Tailslap          |     9 |    13 |    40 |    41 ||   103
       Headbutt          |     8 |    20 |    37 |    16 ||    81
       Punch             |     1 |     5 |     9 |    12 ||    27
 Cast: Beastly Appendage |    26 |    29 |    45 |     9 ||   109
       Wereblood         |     2 |     3 |     7 |     4 ||    16
       Spider Form       |       |       |     4 |    12 ||    16
       Blade Hands       |       |       |       |    13 ||    13
Invok: Stomp             |       |       |       |     3 ||     3
 Abil: Rolling Charge    |     1 |       |     7 |     6 ||    14
       End Transformatio |       |       |       |     1 ||     1
  Use: Scroll            |       |     6 |    17 |     4 ||    27
       Potion            |       |     2 |     3 |     4 ||     9
 Stab: Paralysed         |       |       |    10 |    19 ||    29
Armor: Robe              |    39 |    49 |    57 |    65 ||   210
       Skin              |       |    10 |    11 |     2 ||    23
       Ring mail         |       |       |    63 |    53 ||   116
Dodge: Dodged            |    61 |    93 |   194 |   342 ||   690
